 Dungeon Crawl Stone Soup version 0.27-a0-972-gd1521fd518 (webtiles) character file.

Game seed: 12536287703267350513

584 kae the Ruffian (level 7, 0/56 HPs)
             Began as a Black Draconian Transmuter on Apr 13, 2021.
             Slain by a gnoll
             ... wielding a +0 flail
              (2 damage)
             ... on level 3 of the Dungeon.
             The game lasted 00:03:58 (5354 turns).

kae the Ruffian (Black Draconian Transmuter)        Turns: 5354, Time: 00:03:58

Health: 0/56       AC: 10    Str: 14    XL:     7   Next: 14%
Magic:  9/11       EV: 12    Int: 14    God:
Gold:   126        SH:  0    Dex: 11    Spells: 4/12 levels left

rFire    . . .     SeeInvis .   e - staff of air
rCold    + . .     Faith    .   (no shield)
rNeg     . . .     Spirit   .   (armour unavailable)
rPois    .         Reflect  .   (helmet restricted)
rElec    +         Harm     .   (no cloak)
rCorr    .         Rampage  .   (no gloves)
Will     .....                  (no boots)
Stlth    +.........             (no amulet)
HPRegen  0.18/turn              g - ring of protection from cold
MPRegen  0.12/turn              h - +4 ring of protection

@: no status effects
A: breathe lightning, AC +6, unfitting armour, electricity resistance,
cold-blooded
a: Breathe Lightning


You were on level 3 of the Dungeon.
You visited 1 branch of the dungeon, and saw 4 of its levels.

You collected 170 gold pieces.
You spent 44 gold pieces at shops.

Inventory:

Magical Staves
 e - a staff of air (weapon)
Jewellery
 g - a ring of protection from cold (left hand)
 h - a +4 ring of protection (right hand)
Scrolls
 j - a scroll of enchant armour {unknown}
 k - a scroll of magic mapping
 l - a scroll of teleportation
 n - a scroll of holy word {unknown}
Potions
 a - 3 potions of might
 b - a potion of invisibility {unknown}
 c - a potion of brilliance {unknown}
 d - a potion of flight
 f - a potion of lignification {unknown}
 i - a potion of ambrosia {unknown}
 m - a potion of degeneration


   Skills:
 + Level 2.8 Fighting
 + Level 3.0 Dodging
 * Level 4.7 Unarmed Combat
 + Level 3.0 Spellcasting
 * Level 4.1 Transmutations
 * Level 1.5 Ice Magic
 - Level 2.0 Poison Magic


You had 4 spell levels left.
You knew the following spells:

 Your Spells              Type           Power      Damage    Failure   Level
a - Beastly Appendage     Tmut           26%        N/A       3%          1
b - Spider Form           Tmut/Pois      5%         N/A       19%         3
c - Ice Form              Ice/Tmut       10%        N/A       54%         4

Your spell library contained the following spells:

 Spells                   Type           Power      Damage    Failure   Level
 Wereblood                Tmut           13%        N/A       6%          2
 Animate Skeleton         Necr           4%         N/A       22%         1
 Apportation              Tloc           4%         N/A       22%         1
 Corona                   Hex            2%         N/A       22%         1
 Summon Small Mammal      Summ           8%         N/A       22%         1
 Confusing Touch          Hex            2%         N/A       54%         3
 Gell's Gravitas          Tloc           1%         N/A       54%         3
 Petrify                  Tmut/Erth      7%         N/A       65%         4
 Hydra Form               Tmut           6%         N/A       71%         5
 Yara's Violent Unravell  Hex/Tmut       3%         3d4       94%         5
 Metabolic Englaciation   Hex/Ice        2%         N/A       99%         5


Dungeon Overview and Level Annotations

Branches:
Dungeon (4/15)
 Temple: D:4-7

Altars:
Okawaru

Shops:
D:4 *


Innate Abilities, Weirdness & Mutations

You can breathe wild blasts of lightning.
Your glossy black scales are hard. (AC +6)
You cannot fit into any form of body armour.
You are resistant to electric shocks. (rElec)
You are cold-blooded and may be slowed by cold attacks.


Message History

The gnoll misses you.
You climb upwards.
There is a stone staircase leading down here.
You hit the gnoll.
The gnoll is lightly wounded.
The gnoll hits you with a +0 flail!
You barely miss the gnoll. You tail-slap the gnoll.
The gnoll is moderately wounded.
The gnoll hits you with a +0 flail.
You hit the gnoll but do no damage.
The gnoll is moderately wounded.
The gnoll closely misses you.
You barely miss the gnoll.
Your tail-slap misses the gnoll.
The gnoll is moderately wounded.
The gnoll hits you but does no damage.
You hit the gnoll but do no damage.
The gnoll is moderately wounded.
The gnoll hits you with a +0 flail. The gnoll hits you but does no damage.
You hit the gnoll but do no damage.
The gnoll is lightly wounded.
The gnoll hits you but does no damage.
You hit the gnoll. You tail-slap the gnoll.
The gnoll is moderately wounded.
The gnoll barely misses you.
You hit the gnoll.
The gnoll is heavily wounded.
The gnoll hits you with a +0 flail.
You hit the gnoll but do no damage.
The gnoll is heavily wounded.
The gnoll hits you with a +0 flail!
* * * LOW HITPOINT WARNING * * *
You hit the gnoll.
The gnoll is heavily wounded.
The gnoll hits you with a +0 flail.
* * * LOW HITPOINT WARNING * * *
The gnoll closely misses you.
You hit the gnoll. You punch the gnoll.
The gnoll is severely wounded.
The gnoll hits you with a +0 flail.
You die...

##.# #.# #.##.# ...# #.#
#.##.#### ### ...# #.######
#.##....# #.# ...# #......##
#.#####.####.# ..##
####....###.#####.#....# ..#
#.#..#.#.#.....#....#
..#######.#..#.#.#........#.#
.....#....#....#.#........#.#
.......)..<.[..g@##.####..#.#
.....#...#####.####.####.##.#
.....###.# #....)......##.#
.##......# #####.######...#
###.....## ####.......#.####
#.....# ##..........#.o..#
#.....# #.......##..####o#
#)#########.......+...####.#
###.# #..........######...#


You could see a gnoll.

Vanquished Creatures
  Duvessa (D:4)
  An orc warrior (D:3)
  An ogre (D:3)
  Dowan (D:4)
  An orc priest (D:3)
  A centaur skeleton (D:4)
  2 orc wizards
  4 gnolls (D:3)
  3 adders (D:4)
  2 worms
  A dart slug (D:4)
  5 orcs
  5 endoplasms
  2 giant cockroaches (D:1)
  7 goblins
  6 hobgoblins
  7 jackals
  4 quokkas
  2 ball pythons (D:2)
  4 bats
  A frilled lizard (D:1)
  5 kobolds
  16 rats
82 creatures vanquished.

Notes
Turn   | Place    | Note
-------+----------+-------------------------------------------
     0 | D:1      | kae the Draconian Transmuter began the quest for the Orb.
     0 | D:1      | Reached XP level 1. HP: 16/16 MP: 3/3
   109 | D:1      | Reached XP level 2. HP: 9/23 MP: 1/5
   488 | D:1      | Found a faded altar of an unknown god.
   697 | D:1      | Reached XP level 3. HP: 28/28 MP: 6/6
  1828 | D:3      | Noticed an orc warrior
  1909 | D:3      | Learned a level 3 spell: Spider Form
  2212 | D:3      | Reached XP level 4. HP: 16/36 MP: 4/7
  2419 | D:2      | HP: 1/36 [orc/+0 mace (4)]
  2718 | D:3      | Reached skill level 1 in Poison Magic
  2785 | D:3      | Noticed an ogre
  2813 | D:3      | Reached XP level 5. HP: 41/41 MP: 3/8
  2816 | D:3      | Killed an ogre
  3058 | D:2      | Learned a level 4 spell: Ice Form
  3477 | D:3      | Killed an orc warrior
  3478 | D:3      | Reached XP level 6. HP: 39/49 MP: 5/10
  4174 | D:3      | Found an iron altar of Okawaru.
  4443 | D:4      | Noticed Duvessa
  4443 | D:4      | Noticed Dowan
  4456 | D:4      | Killed Duvessa
  4457 | D:4      | Reached skill level 1 in Ice Magic
  4466 | D:4      | Killed Dowan
  4467 | D:4      | Your scales start taking on a glossy black colour.
  4467 | D:4      | Reached XP level 7. HP: 18/56 MP: 9/11
  4467 | D:4      | Gained mutation: You are resistant to electric shocks.
                  | (rElec) [Black Draconian growth]
  5097 | D:4      | Found Moorcheq's General Store.
  5129 | D:4      | Bought a scroll of teleportation for 33 gold pieces
  5158 | D:4      | Bought a potion of degeneration for 11 gold pieces
  5353 | D:3      | HP: 2/56 [gnoll/+0 flail (5)]
  5354 | D:3      | Slain by a gnoll

Illustrated notes

Levels and vault maps discovered:
D:1:      dpeg_arrival_signposts, layout_rooms,
          hellmonk_ecumenical_altar_dog_temple, chequers_garden,
          minmay_rat_gold_closets
D:2:      layout_loops_ring
D:3:      layout_basic, lemuel_coloured_pillars_altar
D:4:      minmay_general_purpose_star, layout_loops_ring, serial_shops, shop,
          uniq_duvessa

Skill      XL: |  1  2  3  4  5  6 |
---------------+-------------------+-----
Dodging        | 2 3 |  3.0
Transmutations | 3 4 |  4.1
Poison Magic   | 1 2 |  2.0
Fighting       | 2 |  2.8
Unarmed Combat | 4 |  4.7
Ice Magic      | 1 |  1.5
Spellcasting   | 3 |  3.0

Action                   |  1- 3 |  4- 6 |  7- 9 || total
-------------------------+-------+-------+-------++-------
Melee: Unarmed           |    60 |    52 |    19 ||   131
       Tailslap          |    15 |     2 |     4 ||    21
       Headbutt          |    10 |       |       ||    10
       Kick              |    10 |       |       ||    10
       Staff             |    78 |    35 |    37 ||   150
       Punch             |       |     1 |     2 ||     3
 Cast: Beastly Appendage |    16 |     2 |       ||    18
       Spider Form       |     1 |    10 |     6 ||    17
       Ice Form          |       |     1 |       ||     1
  Use: Scroll            |     4 |     1 |       ||     5
 Stab: Sleeping          |     1 |       |       ||     1
Armor: Skin              |    58 |    15 |    35 ||   108
Dodge: Dodged            |   110 |    84 |    44 ||   238

Table legend: (Time is in decaauts)
 A = Elapsed time spent in this place.
 B = Non-inter-level travel time spent in this place.
 C = Inter-level travel time spent in this place.
 D = Time resting spent in this place.
 E = Time spent auto-exploring this place.
 F = Levels seen in this place.
 G = Mean time per level.
                   A        B        C        D        E       F      G
               +--------+--------+--------+--------+--------+-----+--------+
         Total |   5382 |   5290 |     92 |   1512 |   2984 |   4 | 1345.5 |
       Dungeon |   5382 |   5290 |     92 |   1512 |   2984 |   4 | 1345.5 |
               +--------+--------+--------+--------+--------+-----+--------+

Top non-repeatable levels by time:
     D:2: 2105 daAuts
     D:3: 1643 daAuts
     D:1: 914 daAuts
     D:4: 719 daAuts
